 Dungeon Crawl Stone Soup version 0.20.1-1-g8b1a95d (webtiles) character file.

259 gobwax the Cudgeler (level 6, -5/47 HPs)
             Began as a Barachi Fighter on July 10, 2017.
             Killed by divine providence
             ... invoked by an orc priest
              (15 damage)
             ... on level 4 of the Dungeon.
             The game lasted 00:06:07 (3565 turns).

gobwax the Cudgeler (Barachi Fighter)               Turns: 3565, Time: 00:06:09

Health: -5/47      AC: 11    Str: 20    XL:     6   Next: 17%
Magic:  6/6        EV:  5    Int:  8    God:
Gold:   266        SH:  9    Dex: 11    Spells: 5/5 levels left

rFire    + . .     SeeInvis .   a - +0 flail
rCold    + . .     Gourm    .   c - +0 shield
rNeg     . . .     Faith    .   l - +0 chain mail
rPois    .         Spirit   .   v - +0 helmet
rElec    .         Reflect  .   s - scarf {rC+ rF+}
rCorr    .         Harm     .   h - +0 pair of gloves {archery}
MR       .....                  (no boots)
Stlth    ..........             (no amulet)
Regen    0.2/turn               (no ring)
MPRegen  0.1/turn               (no ring)

@: lethally poisoned (-5 -> -10), slow
A: +LOS, swims, slowness 1, strong legs 1
a: Hop


You were on level 4 of the Dungeon.
You were not hungry.

You visited 1 branch of the dungeon, and saw 4 of its levels.

You collected 266 gold pieces.

Inventory:

Hand Weapons
 a - a +0 flail (weapon)
 u - a +0 falchion
Armour
 b - a +0 scale mail
 c - a +0 shield (worn)
 h - a +0 pair of gloves of archery (worn)
 l - a +0 chain mail (worn)
 s - a scarf of resistance (worn)
 v - a +0 helmet (worn)
Wands
 y - a wand of polymorph (10/24)
Scrolls
 k - 3 scrolls of teleportation {unknown}
 m - a scroll of fog {unknown}
 n - 4 scrolls of remove curse {unknown}
 o - a scroll of recharging {unknown}
 w - 2 scrolls of identify {unknown}
Potions
 d - 2 potions of might
 g - 2 potions of haste {unknown}
 i - a potion of curing {unknown}
 j - a potion of resistance {unknown}
 q - a potion of mutation {unknown}
 r - a potion of invisibility {unknown}
 t - a potion of brilliance {unknown}
 x - a potion of lignification {unknown}
Comestibles
 f - 6 bread rations
 p - 3 meat rations
 z - 4 fruits
 A - 3 chunks of flesh
 B - a royal jelly


   Skills:
 - Level 3.6 Fighting
 * Level 6.9 Maces & Flails
 - Level 3.6 Armour
 - Level 3.2 Shields


You had 5 spell levels left.
You didn't know any spells.

Dungeon Overview and Level Annotations

Branches:
Dungeon (4/15)
 Temple: D:4-7

Altars:
Dithmenos


Innate Abilities, Weirdness & Mutations

Shadows flee at your approach. (+LOS)
You can swim through water.
You cover ground slowly.
You can hop short distances.


Message History

You hit the orc priest.
The orc priest is lightly wounded.
* * * LOW HITPOINT WARNING * * *
You feel sick.
The orc priest mumbles some strange prayers to Beogh against you.
You barely resist.
You are confused.
You feel invigorated. The orc priest completely misses you.
You barely miss the orc priest.
The orc priest is lightly wounded.
You feel sick.
The orc priest mumbles some strange prayers to Beogh against you.
Pain shoots through your body!
* * * LOW HITPOINT WARNING * * *
You bump into the rock wall.
You feel less invigorated.
You feel less confused.
You feel sick.
The orc priest mumbles some strange prayers to Beogh against you.
Beogh smites you!
You die...

## . ..# #.# #.# #.#
#.# #.# #.# #.# #@#
################o#####
.........o.ooo.oo....#
######################


You could see an orc priest and 2 orcs.

Vanquished Creatures
  A scorpion (D:4)
  A centaur zombie (D:3)
  An orc priest (D:3)
  A worker ant (D:4)
  A gnoll (D:1)
  5 adders
  An adder skeleton (D:4)
  2 worms
  A dart slug (D:3)
  5 leopard geckos
  6 orcs
  4 giant cockroaches
  7 goblins
  6 hobgoblins
  A quokka (D:2)
  5 bats
  4 frilled lizards
  6 kobolds
  3 rats
61 creatures vanquished.

Notes
Turn   | Place    | Note
-------+----------+-------------------------------------------
     0 | D:1      | gobwax the Barachi Fighter began the quest for the Orb.
     0 | D:1      | Reached XP level 1. HP: 18/18 MP: 1/1
   151 | D:1      | Reached XP level 2. HP: 24/24 MP: 2/2
   218 | D:1      | Reached skill level 3 in Maces & Flails
   426 | D:1      | Reached XP level 3. HP: 29/29 MP: 3/3
   814 | D:2      | Reached skill level 4 in Maces & Flails
  1271 | D:2      | Reached XP level 4. HP: 33/36 MP: 4/4
  2133 | D:3      | Reached skill level 5 in Maces & Flails
  2435 | D:3      | Reached XP level 5. HP: 25/41 MP: 5/5
  2848 | D:3      | Reached skill level 6 in Maces & Flails
  3484 | D:4      | Found a shadowy altar of Dithmenos.
  3556 | D:4      | Reached XP level 6. HP: 36/47 MP: 6/6
  3565 | D:4      | Killed from afar by an orc priest

Skill      XL: |  1  2  3  4  5 |
---------------+----------------+-----
Maces & Flails | 3 4 5 6 |  6.9
Fighting       | |  3.6
Armour         | |  3.6
Shields        | |  3.2

Action                   |  1- 3 |  4- 6 || total
-------------------------+-------+-------++-------
Melee: Flail             |    91 |   216 ||   307
 Abil: Hop               |       |     2 ||     2
  Use: Potion            |       |     2 ||     2
       Scroll            |       |     1 ||     1
  Eat: Chunk             |     2 |     8 ||    10
Armor: Scale mail        |    25 |       ||    25
       Chain mail        |    37 |   130 ||   167
Dodge: Dodged            |    25 |    64 ||    89
Block: Shield            |    45 |   110 ||   155
